Map: Romanticide LE

Players

ShoWTimE

  • Race: Protoss Protoss
  • Spawn Location: 5:00

Zest - Winner!

  • Race: Protoss Protoss
  • Spawn Location: 11:00

Event: TSL 6

VOD

Have the link to the VOD?

Description

Time

  • Played on: Dec. 13, 2020, 2:22 p.m.
  • Length: 7:50

All games in this series

Show
View Real Time Build Order
Export as new Build Order

ShoWTimE Protoss 

Build Orders: Phoenix Opening 

Get SALT Encoding   

  12  0:00  Probe  
  13  0:12  Probe  
  14  0:18  Pylon  
  14  0:24  Probe (Chrono Boost)  
  15  0:36  Probe (Chrono Boost)  
  15  0:37  Gateway  
  16  0:45  Probe (Chrono Boost)  
  16  0:46  Assimilator  
  17  0:51  Probe  
  17  0:55  Assimilator  
  18  1:03  Probe (Chrono Boost)  
  19  1:07  Gateway  
  19  1:13  Probe (Chrono Boost)  
  19  1:17  Probe (Chrono Boost)  
  20  1:24  Cybernetics Core  
  21  1:29  Probe  
  22  1:36  Pylon  
  22  1:41  Probe  
  23  1:54  Probe  
  24  2:00  Stalker x2, Warp Gate (Chrono Boost)  
  28  2:06  Probe  
  29  2:14  Pylon  
  29  2:23  Pylon  
  29  2:32  Sentry  
  29  2:36  Sentry  
  33  2:48  Nexus  
  33  2:51  Probe  
  34  2:58  Shield Battery  
  34  3:01  Sentry  
  34  3:04  Probe  
  37  3:06  Phoenix  
  37  3:12  Pylon  
  37  3:16  Probe (Chrono Boost)  
  38  3:25  Twilight Council  
  39  3:28  Pylon  
  39  3:31  Probe (Chrono Boost)  
  39  3:42  Adept x2  
  39  3:47  Probe  
  44  3:59  Probe  
  44  4:02  Stalker x2  
  49  4:09  Probe  
  50  4:12  Pylon  
  50  4:13  Probe  
  49  4:21  Probe  
  44  4:26  Probe (Chrono Boost)  
  44  4:29  Sentry x2  
  45  4:33  Probe (Chrono Boost), Forge  
  45  4:37  Pylon  
  47  4:38  Probe (Chrono Boost)  
  47  4:40  Blink  
  47  4:44  Probe (Chrono Boost)  
  48  4:45  Probe (Chrono Boost)  
  48  4:48  Probe (Chrono Boost)  
  50  4:52  Probe  
  50  4:57  Stalker  
  50  4:59  Probe  
  54  5:05  Stalker, Probe  
  57  5:11  Probe  
  58  5:17  Probe  
  58  5:20  Pylon  
  57  5:23  Probe  
  57  5:24  Protoss Ground Weapons Level 1 (Chrono Boost), Gateway  
  58  5:29  Probe  
  58  5:30  Assimilator  
  58  5:35  Gateway, Probe  
  59  5:36  Pylon  
  60  5:46  Robotics Facility  
  60  5:52  Pylon  
  60  5:55  Stalker  
  60  5:56  Probe x2  
  62  6:04  Nexus  
  62  6:09  Probe  
  62  6:10  Probe  
  64  6:18  Stalker x2  
  64  6:23  Probe x2  
  70  6:35  Probe x2  
  68  6:41  Stalker x4  
  68  6:44  Observer  
  77  6:47  Probe x2  
  77  6:52  Pylon  
  79  6:57  Gateway x2  
  79  6:59  Probe x2  
  81  7:06  Shield Battery  
  81  7:11  Probe x2  
  83  7:18  Stalker x3  
  83  7:22  Stalker  
Show
View Real Time Build Order
Export as new Build Order

Zest Protoss - Winner!

Build Orders:  

Get SALT Encoding   

  12  0:00  Probe  
  13  0:12  Probe  
  14  0:17  Pylon  
  14  0:24  Probe (Chrono Boost)  
  15  0:36  Gateway  
  15  0:37  Probe (Chrono Boost)  
  16  0:44  Probe (Chrono Boost)  
  16  0:45  Assimilator  
  17  0:51  Probe  
  18  1:03  Probe (Chrono Boost)  
  19  1:07  Assimilator  
  19  1:13  Gateway  
  19  1:15  Probe (Chrono Boost)  
  20  1:20  Probe (Chrono Boost)  
  20  1:24  Cybernetics Core  
  21  1:29  Probe  
  22  1:35  Pylon  
  22  1:41  Probe  
  23  1:53  Probe  
  24  1:58  Warp Gate (Chrono Boost)  
  24  2:00  Adept  
  24  2:01  Adept  
  28  2:13  Pylon  
  28  2:19  Pylon  
  28  2:30  Adept  
  28  2:31  Adept  
  32  2:47  Nexus  
  32  3:00  Adept  
  32  3:01  Adept  
  36  3:09  Robotics Facility  
  36  3:15  Pylon  
  36  3:18  Probe  
  37  3:36  Probe  
  37  3:39  Adept x2  
  42  3:48  Probe  
  43  3:54  Warp Prism (Chrono Boost)  
  46  4:04  Probe x2 (Chrono Boost)  
  47  4:14  Probe (Chrono Boost)  
  47  4:16  Probe (Chrono Boost)  
  49  4:19  Probe  
  46  4:27  Probe  
  46  4:30  Observer (Chrono Boost)  
  46  4:32  Twilight Council  
  46  4:33  Probe  
  47  4:38  Pylon  
  47  4:39  Probe  
  47  4:44  Immortal (Chrono Boost)  
  53  4:45  Probe  
  53  4:49  Pylon  
  53  4:51  Probe  
  54  4:57  Probe  
  53  5:07  Blink (Chrono Boost)  
  53  5:09  Probe x2  
  55  5:19  Immortal (Chrono Boost)  
  59  5:22  Gateway x2  
  59  5:25  Assimilator  
  59  5:28  Sentry  
  59  5:29  Sentry  
  59  5:33  Pylon  
  63  5:45  Nexus  
  63  5:59  Immortal  
  63  6:03  Pylon, Probe x2  
  69  6:09  Sentry  
  69  6:10  Sentry  
  71  6:41  Stalker x4  
  77  6:49  Forge  
  77  6:50  Probe x2  
  77  6:51  Gateway  
  77  6:52  Gateway  
  79  7:02  Probe  
  79  7:05  Stalker x4, Immortal (Chrono Boost)  
  92  7:09  Probe x2  
  92  7:15  Probe  
  92  7:34  Stalker x2  
  92  7:35  Stalker x2  
Tags
 
Add a new tag
Caveats
  • Supply blocks, unpowered buildings, or Contaminate may cause inaccurate times.
  • Supply counts are checked every 10 seconds.